 Dungeon Crawl Stone Soup version 0.22-a0-858-g985ef60 (webtiles) character file.

17243 rgaf the Cleaver (level 12, -4/80 HPs)
             Began as a Gargoyle Artificer on July 27, 2018.
             Was a High Priest of Trog.
             Hit by a large rock thrown by a cyclops (18 damage)
             ... on level 11 of the Dungeon.
             The game lasted 00:13:36 (13630 turns).

rgaf the Cleaver (Gargoyle Artificer)              Turns: 13630, Time: 00:13:37

Health: -4/80      AC: 22    Str: 21    XL:     12   Next: 46%
Magic:  14/14      EV:  8    Int: 12    God:    Trog [*****.]
Gold:   578        SH:  5    Dex: 10    Spells: 11/11 levels left

rFire    . . .     SeeInvis .   E - +3 war axe (freeze)
rCold    . . .     Gourm    .   (no shield)
rNeg     + . .     Faith    .   y - +0 chain mail
rPois    ∞         Spirit   .   (no helmet)
rElec    +         Reflect  +   v - +0 cloak
rCorr    .         Harm     .   (no gloves)
MR       .....                  (no boots)
Stlth    ..........             H - +5 amulet of reflection
HPRegen  0.23/turn              (no ring)
MPRegen  0.14/turn              (no ring)

@: berserk cooldown, slowed, very slow
A: negative energy resistance 1, electricity resistance, unbreathing,
petrification resistance, rot immunity, AC +8
a: Berserk, Trog's Hand, Brothers in Arms, Renounce Religion


You were on level 11 of the Dungeon.
You worshipped Trog.
Trog was extremely pleased with you.
You were not hungry.

You visited 1 branch of the dungeon, and saw 11 of its levels.

You collected 578 gold pieces.

Inventory:

Hand Weapons
 E - a +3 war axe of freezing (weapon)
Armour
 b - the +3 hat of Pondering {ponderous, MR+ MP+10 Int+5}
   (You took it off Gastronok on level 8 of the Dungeon)

   It affects your intelligence (+5).
   It affects your resistance to hostile enchantments.
   It affects your magic capacity (+10).
 v - a +0 cloak (worn)
 y - a +0 chain mail (worn)
Jewellery
 a - a cursed ring of teleportation {unknown}
 G - an uncursed ring of wizardry {unknown}
 H - a +5 amulet of reflection (around neck)
Wands
 c - a wand of flame (5)
 d - a wand of enslavement (15)
 e - a wand of random effects (11)
 r - a wand of paralysis (10)
 w - a wand of clouds (5)
 x - a wand of polymorph (13)
Scrolls
 g - 3 scrolls of blinking {unknown}
 h - 6 scrolls of teleportation
 i - a scroll of immolation {unknown}
 j - 2 scrolls of remove curse
 k - a scroll of noise {unknown}
 n - a scroll of enchant armour {unknown}
 o - 3 scrolls of amnesia {unknown}
 u - 12 scrolls of identify
 A - a scroll of enchant weapon {unknown}
 D - a scroll of magic mapping {unknown}
 F - a scroll of random uselessness {unknown}
Potions
 l - a potion of invisibility {unknown}
 m - 4 potions of heal wounds {unknown}
 p - 5 potions of haste {unknown}
 q - 2 potions of agility {unknown}
 s - 2 potions of degeneration {unknown}
 t - 3 potions of curing
 z - 2 potions of flight {unknown}
 B - 2 potions of lignification {unknown}
 I - 2 potions of magic {unknown}
 J - a potion of ambrosia {unknown}
Comestibles
 f - 23 rations
 C - 7 chunks of flesh


   Skills:
 + Level 11.0 Fighting
   Level 0.8 Short Blades
 * Level 12.6 Axes
 + Level 10.9 Armour
 - Level 1.5 Dodging
 - Level 1.1 Stealth
 - Level 3.0 Evocations


You had 11 spell levels left.
You didn't know any spells.
Your spell library was empty.

Dungeon Overview and Level Annotations

Branches:
Dungeon (11/15)            Temple (0/1) D:6            Lair (0/6) D:8
    Orc (0/2) D:11

Altars:
Ashenzari
Dithmenos
Elyvilon
Gozag
Okawaru
Sif Muna
Trog
Uskayaw
Yredelemnul
The Shining One

Shops:
D:9 :


Innate Abilities, Weirdness & Mutations

You are resistant to torment.
Your stone body is resilient. (AC +8)
You are immune to poison.
You resist negative energy. (rN+)
You are resistant to electric shocks. (rElec)
You can survive without breathing.
You are immune to petrification.
You are immune to rotting.


Message History

You hit the ogre. You freeze the ogre.
The ogre is lightly wounded.
The ogre completely misses you.
A cyclops comes into view.
The cyclops shouts!
You hit the ogre but do no damage.
The ogre is lightly wounded.
You block the ogre's attack.
The cyclops throws a large rock.
The large rock hits you!
You barely miss the ogre.
The ogre is lightly wounded.
The ogre barely misses you.
The cyclops throws a large rock.
The large rock hits you!!!
Ouch! That really hurt!
* * * LOW HITPOINT WARNING * * *
You feel better.
The ogre hits you with a giant spiked club.
* * * LOW HITPOINT WARNING * * *
The cyclops throws a large rock.
The large rock hits you!!
You die...

##C
..#
#.#
#.#
#.#
#.#
#.#
#@#
#O#
#..
###.
.# .
#.
.#


You could see a cyclops and an ogre.

Vanquished Creatures
  Gastronok (D:8)
  3 death yaks
  A queen ant (D:8)
  4 two-headed ogres
  Joseph (D:7)
  A troll (D:11)
  3 hippogriffs
  9 yaks
  A basilisk (D:11)
  A wraith (D:10)
  A wyvern (D:8)
  21 soldier ants
  2 orc warriors
  A phantom (D:5)
  2 sky beasts
  4 black bears
  7 ogres
  2 centaurs
  4 big kobolds
  6 bullfrogs
  A gnoll sergeant (D:6)
  2 water moccasin zombies
  2 scorpions
  8 killer bees
  10 wights
  2 electric eels (D:10)
  2 howler monkeys
  4 crimson imps
  A bullfrog zombie (D:7)
  2 quasits
  An orc priest (D:9)
  5 hounds
  3 jellies
  A bullfrog skeleton (D:10)
  11 orc wizards
  3 centaur skeletons
  Ijyb (D:3)
  Natasha (thrice) (D:3)
  4 iguanas
  21 worker ants
  Terence (D:3)
  A worker ant zombie (D:7)
  A howler monkey skeleton (D:4)
  12 adders
  12 gnolls
  3 shadow imps
  2 worms
  A dart slug (D:1)
  3 leopard geckos
  31 orcs
  10 bats
  5 giant cockroaches
  12 goblins
  7 hobgoblins
  18 jackals
  31 kobolds
  4 quokkas
  A ball python (D:5)
  8 frilled lizards
  A giant cockroach zombie (D:5)
  A quokka zombie (D:6)
  4 rats
331 creatures vanquished.

Notes
Turn   | Place    | Note
-------+----------+-------------------------------------------
     0 | D:1      | rgaf the Gargoyle Artificer began the quest for the Orb.
     0 | D:1      | Reached XP level 1. HP: 12/12 MP: 2/2
     2 | D:1      | Noticed a human
     2 | D:1      | Noticed a gargoyle
     4 | D:1      | Noticed a naga
     6 | D:1      | Noticed a spriggan
     6 | D:1      | Noticed a demigod
     8 | D:1      | Noticed a ghoul
    10 | D:1      | Noticed an elf
    10 | D:1      | Noticed a vine stalker
    12 | D:1      | Noticed a merfolk
    12 | D:1      | Noticed a dwarf
    14 | D:1      | Noticed a centaur
    16 | D:1      | Noticed a demonspawn
    16 | D:1      | Noticed a draconian
    18 | D:1      | Noticed a minotaur
    18 | D:1      | Noticed a vampire
    20 | D:1      | Noticed a troll
    20 | D:1      | Noticed a felid
    22 | D:1      | Noticed an ogre
    22 | D:1      | Noticed a formicid
    24 | D:1      | Noticed a halfling
    26 | D:1      | Noticed an octopode
    26 | D:1      | Noticed a tengu
   313 | D:1      | Reached XP level 2. HP: 15/16 MP: 4/4
   328 | D:1      | Reached skill level 1 in Armour
   745 | D:1      | Reached XP level 3. HP: 10/21 MP: 5/5
  1519 | D:2      | Reached skill level 1 in Axes
  1955 | D:2      | Found a glowing golden altar of the Shining One.
  2149 | D:2      | Reached XP level 4. HP: 15/26 MP: 6/6
  2964 | D:3      | Reached skill level 2 in Axes
  3211 | D:3      | Found a white marble altar of Elyvilon.
  3212 | D:3      | Found an opulent altar of Gozag.
  3281 | D:3      | Found a runed door.
  3341 | D:3      | Noticed Terence
  3349 | D:3      | Killed Terence
  3349 | D:3      | Reached XP level 5. HP: 31/32 MP: 7/7
  3368 | D:3      | Found a bloodstained altar of Trog.
  3481 | D:3      | Became a worshipper of Trog the Wrathful
  3543 | D:3      | Noticed Natasha
  3553 | D:3      | Killed Natasha
  3709 | D:3      | Noticed Ijyb
  3783 | D:3      | Killed Ijyb
  4019 | D:3      | Noticed Crazy Yiuf
  4020 | D:3      | Noticed Crazy Yiuf
  4020 | D:3      | Crazy Yiuf changed into Crazy Yiuf the bullfrog
  4132 | D:3      | Killed Crazy Yiuf the bullfrog
  4132 | D:3      | Reached skill level 3 in Axes
  4132 | D:3      | Reached XP level 6. HP: 20/37 MP: 8/8
  4203 | D:3      | Noticed Natasha
  4218 | D:3      | Killed Natasha
  4224 | D:3      | Noticed Natasha
  4235 | D:3      | Killed Natasha
  4600 | D:4      | Got a pitted ring mail
  4602 | D:4      | Identified the +1 ring mail of Sovereignty {Dex+3} (You found it on level 4 of the Dungeon)
  4951 | D:4      | Reached * piety under Trog
  5065 | D:4      | Reached skill level 4 in Axes
  5065 | D:4      | Reached XP level 7. HP: 37/42 MP: 9/9
  5406 | D:5      | Entered Level 5 of the Dungeon
  5613 | D:5      | Reached skill level 5 in Axes
  5702 | D:5      | Reached XP level 8. HP: 24/48 MP: 10/10
  5903 | D:5      | Reached skill level 5 in Fighting
  5962 | D:5      | Reached ** piety under Trog
  6167 | D:5      | Reached skill level 5 in Armour
  6233 | D:5      | Reached skill level 6 in Axes
  6793 | D:6      | Reached XP level 9. HP: 42/55 MP: 11/11
  6909 | D:6      | Reached skill level 7 in Axes
  6929 | D:6      | Found an iron altar of Okawaru.
  6929 | D:6      | Found a shadowy altar of Dithmenos.
  6929 | D:6      | Found a basalt altar of Yredelemnul.
  6930 | D:6      | Found a hide-covered altar of Uskayaw.
  7337 | D:6      | Found a staircase to the Ecumenical Temple.
  7582 | D:7      | Noticed Joseph
  7767 | D:7      | Killed Joseph
  7767 | D:7      | Reached skill level 8 in Axes
  8095 | D:7      | Reached *** piety under Trog
  8124 | D:6      | Reached XP level 10. HP: 24/63 MP: 12/12
  8428 | D:7      | Reached skill level 9 in Axes
  8562 | D:7      | Found a shattered altar of Ashenzari.
  9098 | D:8      | Noticed a queen ant
  9127 | D:8      | Killed a queen ant
  9129 | D:8      | Reached **** piety under Trog
  9129 | D:8      | Reached skill level 10 in Axes
  9626 | D:8      | Reached XP level 11. HP: 65/71 MP: 13/13
  9746 | D:8      | Received a gift from Trog
  9890 | D:8      | Noticed Gastronok
  9907 | D:8      | Killed Gastronok
  9907 | D:8      | Reached skill level 11 in Axes
  9950 | D:8      | Noticed a two-headed ogre
  9960 | D:8      | Killed a two-headed ogre
 10341 | D:8      | Found a staircase to the Lair.
 10342 | D:8      | Noticed a death yak
 10342 | D:8      | Noticed a death yak
 10342 | D:8      | Noticed a death yak
 10342 | D:8      | Noticed a death yak
 10342 | D:8      | Noticed a death yak
 10342 | D:8      | Noticed a death yak
 10434 | D:7      | Killed a death yak
 10918 | D:8      | Killed a death yak
 10918 | D:8      | Reached skill level 10 in Fighting
 10918 | D:8      | Reached skill level 10 in Armour
 10925 | D:8      | Killed a death yak
 11197 | D:9      | Found a deep blue altar of Sif Muna.
 11632 | D:9      | Reached ***** piety under Trog
 11660 | D:9      | Reached XP level 12. HP: 51/78 MP: 14/14
 11901 | D:9      | Reached skill level 12 in Axes
 11915 | D:9      | Found Huquur's Book Boutique.
 12228 | D:10     | Entered Level 10 of the Dungeon
 12476 | D:10     | Found a hide-covered altar of Uskayaw.
 12517 | D:10     | Noticed a two-headed ogre
 12523 | D:10     | Killed a two-headed ogre
 13417 | D:11     | Found a staircase to the Orcish Mines.
 13448 | D:11     | Noticed a two-headed ogre
 13453 | D:11     | Killed a two-headed ogre
 13588 | D:11     | Noticed a two-headed ogre
 13595 | D:11     | Received a gift from Trog
 13602 | D:11     | Killed a two-headed ogre
 13630 | D:11     | Hit by a large rock thrown by a cyclops

Vault maps used:
D:1:      kb_arrival_jail
D:2:      tso_oasis_becter
D:3:      kennysheep_goblin_castle, gammafunk_temple_overflow_statue,
          lemuel_coloured_pillars_altar, first_ration, uniq_crazy_yiuf_cottage,
          uniq_terence, uniq_natasha
D:4:      kennysheep_potato
D:5:      hangedman_minor_gate_pass
D:6:      chequers_temple_overflow_statue_of_worship, temple_statues
D:7:      nicolae_ashenzari_panopticon, nicolae_ossuary_entry_ruins, uniq_joseph
D:8:      dpeg_lair_monsters, minmay_misc_feat_cross, minivault_29,
          uniq_gastronok
D:9:      led_sif_pool, serial_shops, shop
D:10:     basic_altar, grunt_ogre_cave, kennysheep_nondescript,
          kennysheep_cross_bottleneck
D:11:     orc_0_dummy

Skill      XL: |  1  2  3  4  5  6  7  8  9 10 11 12 |
---------------+-------------------------------------+-----
Armour         | 1 2 3 4 5 7 9 10 | 10.9
Evocations     | 3 |  3.0
Fighting       | 2 3 4 6 7 9 10 11 | 11.0
Axes           | 1 2 3 4 5 6 8 10 11 12 | 12.6
Short Blades   | |  0.8
Dodging        | |  1.5
Stealth        | |  1.1

Action                   |  1- 3 |  4- 6 |  7- 9 | 10-12 || total
-------------------------+-------+-------+-------+-------++-------
Melee: Short sword       |    62 |       |       |       ||    62
       Hand axe          |   108 |   269 |    45 |       ||   422
       War axe           |       |       |   319 |   498 ||   817
Invok: Berserk           |       |       |    10 |     8 ||    18
Evoke: Wand              |       |    11 |     2 |     3 ||    16
  Use: Scroll            |       |     3 |     2 |     1 ||     6
       Potion            |       |       |       |     1 ||     1
 Stab: Paralysed         |       |     8 |       |       ||     8
  Eat: Chunk             |     4 |    10 |    11 |    23 ||    48
       Ration            |       |       |     2 |     1 ||     3
Armor: Leather armour    |    90 |    25 |       |       ||   115
       Scale mail        |       |    97 |       |       ||    97
       Skin              |       |     3 |       |       ||     3
       Chain mail        |       |    34 |   271 |   270 ||   575
Dodge: Dodged            |   145 |   157 |   157 |   150 ||   609
Block: Other             |       |       |    29 |    79 ||   108
       Reflection        |       |       |     1 |     2 ||     3

Table legend:
 A = Spawn XP
 B = Non-spawn XP
 C = Spawn XP percentage of total XP
 D = Spawn monster count
 E = Non-spawn monster count
 F = Spawn count percentage of total count
 G = Total turns spent on level
                    A         B        C        D         E        F      G
               +---------+---------+-------+---------+---------+-------+---------
         Total |       0 |   24633 |   0.0 |       0 |     331 |   0.0 | 13630
               +---------+---------+-------+---------+---------+-------+---------
           D:1 |       0 |      51 |   0.0 |       0 |      28 |   0.0 |  1455
           D:2 |       0 |      75 |   0.0 |       0 |      23 |   0.0 |  1235
           D:3 |       0 |     326 |   0.0 |       0 |      24 |   0.0 |  1862
           D:4 |       0 |     428 |   0.0 |       0 |      33 |   0.0 |   928
           D:5 |       0 |    1238 |   0.0 |       0 |      31 |   0.0 |  1220
           D:6 |       0 |    1479 |   0.0 |       0 |      25 |   0.0 |  1400
           D:7 |       0 |    3542 |   0.0 |       0 |      34 |   0.0 |  1410
           D:8 |       0 |    9850 |   0.0 |       0 |      58 |   0.0 |  1590
           D:9 |       0 |    1823 |   0.0 |       0 |      27 |   0.0 |  1128
          D:10 |       0 |    2642 |   0.0 |       0 |      30 |   0.0 |  1060
          D:11 |       0 |    3179 |   0.0 |       0 |      18 |   0.0 |   342
               +---------+---------+-------+---------+---------+-------+---------
